 Dungeon Crawl Stone Soup version 0.22-a0-443-g17c3723 (webtiles) character file.

49 4thArraOfDagon the Skirmisher (level 3, -2/24 HPs)
             Began as a Gargoyle Berserker on June 1, 2018.
             Was a Follower of Trog.
             Slain by an orc priest
             ... wielding a +0 whip
              (4 damage)
             ... on level 4 of the Dungeon.
             The game lasted 00:01:27 (306 turns).

4thArraOfDagon the Skirmisher (Gargoyle Berserker)   Turns: 306, Time: 00:01:28

Health: -2/24      AC: 10    Str: 21    XL:     3   Next: 75%
Magic:  3/3        EV: 11    Int:  7    God:    Trog [*.....]
Gold:   39         SH:  0    Dex:  9    Spells: 2/2 levels left

rFire    . . .     SeeInvis .   a - +0 hand axe
rCold    . . .     Gourm    .   (no shield)
rNeg     + . .     Faith    .   d - +0 ring mail
rPois    ∞         Spirit   .   (no helmet)
rElec    +         Reflect  .   (no cloak)
rCorr    .         Harm     .   (no gloves)
MR       .....                  f - +1 pair of boots
Stlth    ..........             (no amulet)
HPRegen  0.08/turn              e - ring of loudness (curse)
MPRegen  0.08/turn              (no ring)

@: berserk cooldown, very slightly contaminated, slowed, very slow
A: negative energy resistance 1, electricity resistance, unbreathing,
petrification resistance, rot immunity, AC +3
a: Berserk, Renounce Religion


You were on level 4 of the Dungeon.
You worshipped Trog.
Trog was aware of your devotion.
You were not hungry.

You visited 1 branch of the dungeon, and saw 4 of its levels.

You collected 39 gold pieces.

Inventory:

Hand Weapons
 a - a +0 hand axe (weapon)
Armour
 d - a +0 ring mail (worn)
 f - a +1 pair of boots (worn)
Jewellery
 e - a cursed ring of loudness (left hand)
Scrolls
 b - a scroll of teleportation {unknown}
Comestibles
 c - a ration


   Skills:
 + Level 3.7 Fighting
 * Level 3.3 Axes
 + Level 2.7 Armour
 + Level 2.0 Dodging


You had 2 spell levels left.
You didn't know any spells.
Your spell library was empty.

Dungeon Overview and Level Annotations

Branches:
Dungeon (4/15)
 Temple: D:4-7

Altars:
Elyvilon

Annotations:
D:4 Edmund


Innate Abilities, Weirdness & Mutations

You are resistant to torment.
Your stone body is resilient. (AC +3)
You are immune to poison.
You resist negative energy. (rN+)
You are resistant to electric shocks. (rElec)
You can survive without breathing.
You are immune to petrification.
You are immune to rotting.


Message History

You are no longer berserk.
You are exhausted.
You feel yourself slow down. Edmund hits you but does no damage.
The orc priest mumbles some strange prayers to Beogh against you.
Pain shoots through your body!
Unknown command.
You aren't carrying any potions.
You flicker for a moment.
Edmund hits you with a flail of crushing.
* * * LOW HITPOINT WARNING * * *
x2 Unknown command.
A hound skeleton comes into view.
Unknown command.
Unknown command.
Edmund hits you with a flail of crushing.
* * * LOW HITPOINT WARNING * * *
x2 Unknown command.
You flicker back into view.
The orc priest hits you with a whip.
You die...

##### #.....
######### #.....!
....Z...# .......
#####.##.......
#...@Z.))......
#....o..)......
#...@.....(....
#................
....#..............
### #..............
#.!............
#..............
................
......####.....


You could see Edmund, an orc priest and a hound skeleton.

Vanquished Creatures
  An adder (D:2)
  4 orcs (D:4)
  2 giant cockroaches
  3 hobgoblins (D:2)
  A quokka (D:3)
  A bat (D:1)
  A frilled lizard (D:1)
  A goblin (D:2)
  2 kobolds (D:1)
  A rat (D:1)
17 creatures vanquished.

Vanquished Creatures (others)
  An iguana (D:4)
1 creature vanquished.

Grand Total: 18 creatures vanquished

Notes
Turn   | Place    | Note
-------+----------+-------------------------------------------
     0 | D:1      | 4thArraOfDagon the Gargoyle Berserker began the quest for the Orb.
     0 | D:1      | Reached XP level 1. HP: 14/14 MP: 1/1
   126 | D:2      | Reached XP level 2. HP: 19/19 MP: 2/2
   159 | D:2      | Found a white marble altar of Elyvilon.
   281 | D:4      | Noticed Edmund
   287 | D:4      | Reached XP level 3. HP: 23/23 MP: 3/3
   306 | D:4      | Slain by an orc priest

Vault maps used:
D:1:      minmay_arrival_semitransparent
D:2:      overflow_temple_1_default, makhleb_altar_promises_db,
          nicolae_overflow_crystal_walls
D:3:      nicolae_overflow_hidden_temple, bloody_trog
D:4:      nicolae_gozag_seed_capital, uniq_grinder, uniq_edmund

Skill      XL: |  1  2  3 |
---------------+----------+-----
Axes           | 3 |  3.3
Dodging        | 2 |  2.0
Fighting       | |  3.7
Armour         | |  2.7

Action                   || total
-------------------------++-------
Melee: Hand axe          ||    68
Invok: Berserk           ||     2
  Use: Potion            ||     1
 Stab: Invisible         ||     2
Armor: Ring mail         ||    35
       Animal skin       ||     2
Dodge: Dodged            ||    58

Table legend:
 A = Spawn XP
 B = Non-spawn XP
 C = Spawn XP percentage of total XP
 D = Spawn monster count
 E = Non-spawn monster count
 F = Spawn count percentage of total count
 G = Total turns spent on level
                    A         B        C        D         E        F      G
               +---------+---------+-------+---------+---------+-------+---------
         Total |       0 |      70 |   0.0 |       0 |      18 |   0.0 |   306
               +---------+---------+-------+---------+---------+-------+---------
           D:1 |       0 |       8 |   0.0 |       0 |       6 |   0.0 |    83
           D:2 |       0 |      20 |   0.0 |       0 |       5 |   0.0 |   127
           D:3 |       0 |       4 |   0.0 |       0 |       2 |   0.0 |    71
           D:4 |       0 |      38 |   0.0 |       0 |       5 |   0.0 |    25
               +---------+---------+-------+---------+---------+-------+---------
